 Dungeon Crawl Stone Soup version 0.23-a0-622-g59b4ea9 (webtiles) character file.

80 ohad the Chopper (level 4, -4/37 HPs)
             Began as a Hill Orc Gladiator on Dec 23, 2018.
             Killed from afar by Sigmund (6 damage)
             ... with a magic dart
             ... on level 2 of the Dungeon.
             The game lasted 00:03:06 (1425 turns).

ohad the Chopper (Hill Orc Gladiator)               Turns: 1425, Time: 00:03:07

Health: -4/37      AC:  4    Str: 16    XL:     4   Next: 39%
Magic:  4/4        EV:  9    Int:  8    God:
Gold:   56         SH:  7    Dex: 13    Spells: 3/3 levels left

rFire    . . .     SeeInvis .   a - +0 war axe
rCold    . . .     Gourm    .   e - +0 shield
rNeg     . . .     Faith    .   b - +0 leather armour
rPois    .         Spirit   .   c - +0 helmet
rElec    .         Reflect  .   (no cloak)
rCorr    .         Harm     .   (no gloves)
MR       .....                  (no boots)
Stlth    +.........             (no amulet)
HPRegen  0.12/turn              (no ring)
MPRegen  0.09/turn              (no ring)

@: no status effects
A: no striking features
a: no special abilities


You were on level 2 of the Dungeon.
You were not hungry.

You visited 1 branch of the dungeon, and saw 2 of its levels.

You collected 56 gold pieces.

Inventory:

Hand Weapons
 a - a +0 war axe (weapon)
Missiles
 d - 2 throwing nets (quivered)
 l - 19 bolts
Armour
 b - a +0 leather armour (worn)
 c - a +0 helmet (worn)
 e - a +0 shield (worn)
Scrolls
 g - 3 scrolls of remove curse {unknown}
 h - 3 scrolls of teleportation {unknown}
 j - 4 scrolls of identify {unknown}
Potions
 k - a potion of agility {unknown}
Comestibles
 f - 4 rations
 i - 3 chunks of flesh


   Skills:
 - Level 2.8 Fighting
 + Level 6.0 Axes
 - Level 1.8 Throwing
 - Level 0.5 Armour
 - Level 2.5 Dodging
 - Level 1.0 Shields


You had 3 spell levels left.
You didn't know any spells.
Your spell library was empty.

Dungeon Overview and Level Annotations

Branches:
Dungeon (2/15)

Altars:
Cheibriados
Fedhas
Ru
Zin

Annotations:
D:2 Sigmund


Message History

No target in view!
No target in view!
You hit something.
Something wriggles in the net.
You closely miss something.
Something wriggles in the net.
All of a sudden the net rips apart!
Something hits you.
You barely miss something. You barely miss something.
You hear some strange, mumbled words.
A magic dart appears from out of thin air!
The magic dart hits you!
* * * LOW HITPOINT WARNING * * *
You hear some strange, mumbled words.
A puff of flame appears from out of thin air!
The puff of flame hits you!
* * * LOW HITPOINT WARNING * * *
You closely miss something.
You hear some strange, mumbled words.
A magic dart appears from out of thin air!
The magic dart hits you!
You die...

.% .. ##. .## #.# .# #
......########.##...
#.##.##..##.......#....
#....##......._........
##.##...{..##._8_..#....
#......@......._...##...
.###..#....##......##...
##.....<............♣
#†#.##.##.####.#..♣.
#.#####?#.##.##.# #.##.)♣
#.......#.##.##.# #.##...
#$#...#.).......# #.##...
#.......#...>#######.###.#
#..................#.# #.#


There were no monsters in sight!

Vanquished Creatures
  2 adders (D:2)
  2 worms (D:2)
  3 dart slugs
  A leopard gecko (D:2)
  A ball python (D:1)
  2 bats
  3 giant cockroaches
  9 hobgoblins
  A jackal (D:2)
  7 kobolds
  A quokka (D:2)
  2 frilled lizards (D:2)
  8 goblins
  4 rats
46 creatures vanquished.

Notes
Turn   | Place    | Note
-------+----------+-------------------------------------------
     0 | D:1      | ohad the Hill Orc Gladiator began the quest for the Orb.
     0 | D:1      | Reached XP level 1. HP: 18/18 MP: 1/1
    60 | D:1      | Reached XP level 2. HP: 17/25 MP: 2/2
   630 | D:1      | Reached XP level 3. HP: 23/30 MP: 3/3
   707 | D:1      | Reached skill level 1 in Shields
   970 | D:2      | Reached skill level 5 in Axes
  1044 | D:2      | Reached XP level 4. HP: 30/37 MP: 4/4
  1358 | D:2      | Found a faded altar of an unknown god.
  1371 | D:2      | Found a sacrificial altar of Ru.
  1373 | D:2      | Found a snail-covered altar of Cheibriados.
  1374 | D:2      | Found a blossoming altar of Fedhas.
  1374 | D:2      | Found a glowing silver altar of Zin.
  1400 | D:2      | Reached skill level 6 in Axes
  1410 | D:2      | Noticed Sigmund
  1424 | D:2      | HP: 1/37 [something/puff of flame (7)]
  1425 | D:2      | Killed from afar by Sigmund

Vault maps used:
D:1:      dpeg_arrival_refuge, hangedman_feature_mirror, amethyst_killhole,
          kennysheep_decorative_pillar
D:2:      chequers_temple_overflow_statue_of_worship,
          chequers_ecumenical_altar_simple_redux, minmay_hexomino_u4,
          uniq_sigmund

Skill      XL: |  1  2  3  4 |
---------------+-------------+-----
Shields        | 1 |  1.0
Axes           | 5 6 |  6.0
Fighting       | |  2.8
Throwing       | |  1.8
Armour         | |  0.5
Dodging        | |  2.5

Action                   |  1- 3 |  4- 6 || total
-------------------------+-------+-------++-------
Melee: War axe           |   100 |    44 ||   144
Throw: Throwing net      |       |     1 ||     1
 Stab: Held in net/web   |       |     1 ||     1
       Sleeping          |       |     1 ||     1
  Eat: Chunk             |     1 |     1 ||     2
Armor: Leather armour    |    19 |    12 ||    31
Dodge: Dodged            |    52 |    20 ||    72
Block: Shield            |    46 |    11 ||    57

Table legend:
 A = Non-vault XP
 B = Vault XP
 C = Vault XP percentage of total XP
 D = Non-vault monster count
 E = Vault monster count
 F = Vault count percentage of total count
                 A         B        C        D         E       F
            +---------+---------+-------+---------+---------+-------
      Total |      89 |      26 |  22.6 |      40 |       6 |  13.0
            +---------+---------+-------+---------+---------+-------
        D:1 |      40 |       6 |  13.0 |      24 |       2 |   7.7
        D:2 |      49 |      20 |  29.0 |      16 |       4 |  20.0
            +---------+---------+-------+---------+---------+-------
